 Dungeon Crawl Stone Soup version 0.29.1-12-g30fa7ad0bf (webtiles) character file.

Game seed: 18218747225996224038

14 mandoloar the Conjurer (level 2, -1/16 HPs)
             Began as a Deep Elf Conjurer on Jan 5, 2023.
             Slain by a jackal (2 damage)
             ... on level 1 of the Dungeon.
             The game lasted 00:01:27 (353 turns).

mandoloar the Conjurer (Deep Elf Conjurer)           Turns: 353, Time: 00:01:28

Health: -1/16      AC:  2    Str:  4    XL:     2   Next: 31%
Magic:  2/8        EV: 12    Int: 22    God:
Gold:   17         SH:  0    Dex: 13    Spells: 6/7 levels left

rFire   . . .      SeeInvis .   c - +0 mace
rCold   . . .      Faith    .   (no shield)
rNeg    . . .      Spirit   .   a - +0 robe
rPois   .          Reflect  .   (no helmet)
rElec   .          Harm     .   (no cloak)
rCorr   .          Rampage  .   (no gloves)
Will    .....                   (no boots)
Stlth   ++........              (no amulet)
HPRegen 0.05/turn               (no ring)
MPRegen 0.11/turn               (no ring)

@: no status effects
A: no striking features
a: no special abilities


You were on level 1 of the Dungeon.
You visited 1 branch of the dungeon, and saw 1 of its levels.

You collected 17 gold pieces.

Inventory:

Hand Weapons
 c - a +0 mace (weapon)
Armour
 a - a +0 robe (worn)
Jewellery
 g - a +6 ring of intelligence
Scrolls
 d - a scroll of poison {unknown}
 f - a scroll of teleportation {unknown}
Potions
 b - 2 potions of magic
 e - a potion of mutation {unknown}


   Skills:
 + Level 0.4 Fighting
 + Level 2.7 Dodging
 + Level 2.8 Stealth
 + Level 3.2 Spellcasting
 + Level 4.5 Conjurations


You had 6 spell levels left.
You knew the following spells:

 Your Spells              Type           Power      Damage    Failure   Level
a - Magic Dart            Conj           92%        1d7       1%          1

Your spell library contained the following spells:

 Spells                   Type           Power      Damage    Failure   Level
 Searing Ray              Conj           46%        2d6       2%          2
 Dazzling Flash           Conj/Hex       26%        N/A       14%         3
 Fulminant Prism          Conj/Hex       6%         3d7       43%         4
 Iskenderun's Mystic Bla  Conj/Tloc      13%        2d5       43%         4


Dungeon Overview and Level Annotations

Branches:
Dungeon (1/15)

Altars:

Shops:
D:1 ?([


Message History

The jackal is moderately wounded.
The jackal barely misses you. x2
You completely miss the jackal.
The jackal is moderately wounded.
The jackal barely misses you. The jackal closely misses you.
You hit the jackal.
The jackal is severely wounded.
The jackal bites you. x2
You barely miss the jackal.
The jackal is severely wounded.
The jackal bites you.
* * * LOW HITPOINT WARNING * * *
The jackal closely misses you.
You miss the jackal.
The jackal is severely wounded.
The jackal misses you. The jackal barely misses you.
You closely miss the jackal.
The jackal is severely wounded.
The jackal bites you but does no damage.
The jackal closely misses you.
You barely miss the jackal.
The jackal is heavily wounded.
The jackal barely misses you. x2
You closely miss the jackal.
The jackal is heavily wounded.
The jackal bites you but does no damage.
The jackal closely misses you.
You closely miss the jackal.
The jackal is heavily wounded.
The jackal bites you.
* * * LOW HITPOINT WARNING * * *
The jackal bites you.
* * * LOW HITPOINT WARNING * * *
You hit the jackal.
The jackal is almost dead.
The jackal closely misses you. The jackal barely misses you.
You miss the jackal.
The jackal is almost dead.
The jackal bites you.
You die...

#..........##....#
#..........##....#
#..........##....#
#####.)........##....#
...............##..†.# .
........†#####.####'####.#
.........# #.# #.......#
.........# #.###.......#
.........# #..@hg......#
.........# #####.......#
.........#### #########
............#
...###_.###.#
............#
............#
............#
.†......###.#


You could see a jackal and a hobgoblin.

Vanquished Creatures
  2 endoplasms (D:1)
  A giant cockroach (D:1)
  A goblin (D:1)
  2 hobgoblins (D:1)
  3 jackals (D:1)
  A bat (D:1)
  2 rats (D:1)
12 creatures vanquished.

Notes
Turn   | Place    | Note
-------+----------+-------------------------------------------
     0 | D:1      | mandoloar the Deep Elf Conjurer began the quest for the
                  | Orb.
     0 | D:1      | Reached XP level 1. HP: 10/10 MP: 6/6
   151 | D:1      | Found Culixal's Magic Scroll Shoppe.
   154 | D:1      | Found a faded altar of an unknown god.
   205 | D:1      | Reached XP level 2. HP: 15/15 MP: 5/8
   298 | D:1      | Found Gefeblent's Weapon Emporium.
   321 | D:1      | Found Pyokojop's Antique Armour Shoppe.
   353 | D:1      | Slain by a jackal

Illustrated notes

Levels and vault maps discovered:
D:1:      lightli_arrival_farm, layout_basic, serial_shops, nicolae_square_shop,
          shop, shop, nicolae_shop_hallway_stairs, shop,
          hellmonk_ecumenical_altar_lost_god

Action                   || total
-------------------------++-------
Melee: Mace              ||    11
 Cast: Magic Dart        ||    24
Armor: Robe              ||     2
Dodge: Dodged            ||    22
